 Dungeon Crawl Stone Soup version 0.27-a0-498-g7ecbb0a48f (webtiles) character file.

Game seed: 12876485662722518572

452 Dirtsage the Ruffian (level 7, -3/37 HPs)
             Began as a Vine Stalker Gladiator on Mar 2, 2021.
             Succumbed to a kobold brigand's poison
             ... on level 3 of the Dungeon.
             The game lasted 00:04:09 (2552 turns).

Dirtsage the Ruffian (Vine Stalker Gladiator)       Turns: 2552, Time: 00:04:10

Health: -3/37      AC:  7    Str: 18    XL:     7   Next: 4%
Magic:  2/8        EV: 12    Int: 14    God:
Gold:   158        SH:  0    Dex: 16    Spells: 6/6 levels left

rFire    + . .     SeeInvis .     - Unarmed
rCold    . . .     Faith    .   (no shield)
rNeg     . . .     Spirit   +   q - +0 ring mail
rPois    .         Reflect  .   b - +0 helmet
rElec    .         Harm     .   (no cloak)
rCorr    .         Rampage  .   d - +0 pair of gloves
Will     .....                  (no boots)
Stlth    +.........             (no amulet)
HPRegen  1.12/turn              I - +6 ring of intelligence
MPRegen  0.11/turn              F - ring of protection from fire

@: lethally poisoned (-3 -> -35), attractive, flying
A: fangs 2, regeneration 1, magic shield, antimagic bite, no potion heal 3
a: no special abilities


You were on level 3 of the Dungeon.
You visited 1 branch of the dungeon, and saw 3 of its levels.

You collected 158 gold pieces.


Innate Abilities, Weirdness & Mutations

You have extremely sharp teeth.
Your natural rate of healing is unusually fast.
When hurt, damage is shared between your health and your magic reserves.
Your bite disrupts and absorbs the magic of your enemies.
Potions cannot restore your health.


   Skills:
 + Level 4.0 Fighting
 - Level 1.7 Throwing
 - Level 2.4 Dodging
 * Level 6.5 Unarmed Combat


You had 6 spell levels left.
You didn't know any spells.
Your spell library was empty.

Inventory:

Missiles
 c - 4 throwing nets (quivered) {=f}
Armour
 a - a +0 leather armour
 b - a +0 helmet (worn)
 d - a +0 pair of gloves (worn)
 q - a +0 ring mail (worn)
Jewellery
 F - a ring of protection from fire (right hand)
 I - a +6 ring of intelligence (left hand)
Scrolls
 e - 3 scrolls of identify {unknown}
 h - a scroll of noise {unknown}
 j - a scroll of enchant weapon {unknown}
 p - a scroll of teleportation {unknown}
 s - a scroll of enchant armour {unknown}
 u - 2 scrolls of magic mapping {unknown}
 v - a scroll of amnesia {unknown}
Potions
 f - a potion of cancellation {unknown}
 g - a potion of lignification {unknown}
 i - a potion of curing {unknown}
 k - a potion of heal wounds {@q2}
 l - 2 potions of flight
 m - a potion of invisibility {unknown}
 n - 2 potions of mutation {unknown}
 o - a potion of brilliance {unknown}
 r - a potion of attraction
 t - a potion of might {unknown}

Dungeon Overview and Level Annotations

Branches:
Dungeon (3/15)

Altars:
Ru
Uskayaw

#............
####..###.......
....).†.........
#...).......≈≈≈####
#.##......≈≈≈≈≈≈≈≈
#.##..)##≈≈≈≈≈≈≈≈ #####.
#.##.#.)####≈≈≈###......
#.##.#.....#####.K.....#
#.##.#..)...)...@.#
#.##.#..###.....###
#.##.. ####### #.##.#.
#. #.#. #.# # #.#


You could see a kobold brigand.


Message History

You bite the kobold brigand, but do no damage.
The kobold brigand is severely wounded.
You feel very sick.
The kobold brigand hits you but does no damage.
You are lethally poisoned!
You barely miss the kobold brigand. Your bite misses the kobold brigand.
The kobold brigand is severely wounded.
* * * LOW HITPOINT WARNING * * *
You feel very sick. The kobold brigand barely misses you.
Unknown command.
It was a potion of flight.
You feel very buoyant.
You fly up into the air.
* * * LOW HITPOINT WARNING * * *
You feel very sick.
The kobold brigand hits you with a +2 dagger of venom.
* * * LOW HITPOINT WARNING * * *
You are more poisoned.
The kobold brigand misses you.
It was a potion of heal wounds.
That seemed strangely inert.
You feel yourself speed up.
* * * LOW HITPOINT WARNING * * *
You feel extremely sick.
The kobold brigand hits you with a +2 dagger of venom.
* * * LOW HITPOINT WARNING * * *
You are more poisoned.
It was a potion of attraction.
You feel attractive to monsters.
You die...

Skill      XL: |  1  2  3  4  5  6 |
---------------+-------------------+-----
Fighting       | 2 3 4 |  4.0
Unarmed Combat | 4 5 6 |  6.5
Throwing       | |  1.7
Dodging        | |  2.4

Action                   |  1- 3 |  4- 6 |  7- 9 || total
-------------------------+-------+-------+-------++-------
Melee: Unarmed           |    97 |   155 |    25 ||   277
       Bite              |    28 |    47 |     8 ||    83
       Punch             |     1 |     3 |     2 ||     6
  Use: Potion            |       |       |     3 ||     3
 Stab: Sleeping          |     1 |       |       ||     1
       Paralysed         |       |     2 |       ||     2
Armor: Leather armour    |    21 |    18 |       ||    39
       Ring mail         |       |    32 |    12 ||    44
Dodge: Dodged            |    48 |    89 |    11 ||   148

Levels and vault maps discovered:
D:1:      minmay_arrival_stone_box, layout_loops_corners, minmay_domino_4
D:2:      cheibrodos_old_hovel, layout_loops_ring,
          nicolae_ru_great_annihilating_truth
D:3:      cheibrodos_thug_alley, layout_basic, eat_drink_and_be_merry_uskayaw,
          hangedman_decor_clover_reticule, uniq_sigmund, uniq_terence

Notes
Turn   | Place    | Note
-------+----------+-------------------------------------------
     0 | D:1      | Dirtsage the Vine Stalker Gladiator began the quest for the
                  | Orb.
     0 | D:1      | Reached XP level 1. HP: 11/11 MP: 2/2
   187 | D:1      | Reached skill level 2 in Fighting
   187 | D:1      | Reached XP level 2. HP: 7/15 MP: 0/3
  1178 | D:2      | Reached XP level 3. HP: 16/18 MP: 2/4
  1363 | D:2      | Found a sacrificial altar of Ru.
  1374 | D:2      | Reached skill level 4 in Unarmed Combat
  1374 | D:2      | Gained mutation: Your natural rate of healing is unusually
                  | fast. [Vine Stalker growth]
  1374 | D:2      | Reached XP level 4. HP: 18/23 MP: 5/5
  1692 | D:2      | Reached skill level 3 in Fighting
  1692 | D:2      | Reached XP level 5. HP: 17/28 MP: 4/6
  2080 | D:3      | Found a hide-covered altar of Uskayaw.
  2080 | D:3      | Noticed Terence
  2094 | D:3      | Killed Terence
  2095 | D:3      | Reached skill level 5 in Unarmed Combat
  2452 | D:3      | Noticed Sigmund
  2472 | D:3      | Reached XP level 6. HP: 32/32 MP: 7/7
  2483 | D:3      | Killed Sigmund
  2484 | D:3      | Reached skill level 6 in Unarmed Combat
  2500 | D:3      | Reached skill level 4 in Fighting
  2500 | D:3      | Reached XP level 7. HP: 14/37 MP: 5/8
  2551 | D:3      | HP: 2/37 [poisoned by a kobold brigand]
  2552 | D:3      | Succumbed to a kobold brigand's poison

Vanquished Creatures
  Sigmund (D:3)
  A kobold brigand (D:3)
  An iguana (D:2)
  An orc wizard (D:2)
  Terence (D:3)
  3 gnolls (D:3)
  3 adders
  3 oozes
  4 worms
  2 dart slugs
  2 leopard geckos (D:2)
  A ball python (D:2)
  9 bats
  3 giant cockroaches
  7 goblins
  10 hobgoblins
  2 jackals (D:1)
  8 frilled lizards
  11 kobolds
  6 rats
79 creatures vanquished.

Table legend: (Time is in decaauts)
 A = Elapsed time spent in this place.
 B = Non-inter-level travel time spent in this place.
 C = Inter-level travel time spent in this place.
 D = Time resting spent in this place.
 E = Time spent auto-exploring this place.
 F = Levels seen in this place.
 G = Mean time per level.
                   A        B        C        D        E       F      G
               +--------+--------+--------+--------+--------+-----+--------+
         Total |   2531 |   2505 |     26 |      0 |   1973 |   3 |  843.7 |
       Dungeon |   2531 |   2505 |     26 |      0 |   1973 |   3 |  843.7 |
               +--------+--------+--------+--------+--------+-----+--------+

Top non-repeatable levels by time:
     D:1: 1159 daAuts
     D:2: 874 daAuts
     D:3: 498 daAuts

Table legend:
 A = Non-vault XP
 B = Vault XP
 C = Vault XP percentage of total XP
 D = Non-vault monster count
 E = Vault monster count
 F = Vault count percentage of total count
                 A         B        C        D         E       F
            +---------+---------+-------+---------+---------+-------
      Total |     238 |     408 |  63.2 |      58 |      21 |  26.6
            +---------+---------+-------+---------+---------+-------
        D:1 |      27 |       4 |  12.9 |      15 |       4 |  21.1
        D:2 |     105 |      41 |  28.1 |      21 |       5 |  19.2
        D:3 |     106 |     363 |  77.4 |      22 |      12 |  35.3
            +---------+---------+-------+---------+---------+-------
